 Dungeon Crawl Stone Soup version 0.17.1-1-g73c8601 (webtiles) character file.

25334 DeXoteric the Brawler (level 12, -13/126 HPs)
             Began as a Troll Monk on Dec 18, 2015.
             Mangled by an azure jelly (27 damage)
             ... on level 2 of the Pits of Slime.
             The game lasted 00:41:43 (13109 turns).

DeXoteric the Brawler (Troll Monk)                 Turns: 13109, Time: 00:41:43

Health: -13/126    AC: 11    Str: 26    XL:     12   Next: 88%
Magic:  11/11      EV: 10    Int:  9    God:
Gold:   502        SH: 14    Dex: 14    Spells: 0 memorised, 11 levels left

rFire  + . .     SeeInvis .       - Unarmed
rCold  . . .     Clarity  +     q - +1 robe {rF+}
rNeg   . . .     SustAt   .     y - +2 shield
rPois  .         Gourm    +     s - +1 hat {Int+3}
rElec  .         Spirit   .     B - +0 cloak
rCorr  .         Warding  .     (gloves unavailable)
rMut   .         Stasis   .     (boots unavailable)
MR     .....                    m - amulet of clarity
Stlth  +.........               r - +3 ring of protection
                                E - +2 ring of strength

@: not resistant to hostile enchantments, very unstealthy
A: unfitting armour, claws 3, fast metabolism 3, gourmand, regeneration 2,
shaggy fur 1, tough skin 2
a: no special abilities


You were on level 2 of the Pits of Slime.
You were not hungry.

You visited 4 branches of the dungeon, and saw 19 of its levels.
You also visited: Labyrinth.

You collected 502 gold pieces.

Inventory:

Armour
 q - a +1 robe of fire resistance (worn)
 s - a +1 hat of intelligence (worn)
 y - a +2 shield (worn)
 B - a +0 cloak (worn)
Jewellery
 m - an amulet of clarity (around neck)
 r - a +3 ring of protection (right claw)
 E - a +2 ring of strength (left claw)
Wands
 v - a wand of confusion (32)
 J - a wand of fireball (1)
Scrolls
 d - 3 scrolls of fear
 e - a scroll of summoning {unknown}
 g - a scroll of recharging
 j - 2 scrolls of teleportation
 l - a scroll of fog
 n - 4 scrolls of enchant weapon
Potions
 c - 5 potions of brilliance
 f - 3 potions of cancellation
 h - 2 potions of magic
 i - 2 potions of agility
 o - 2 potions of curing
 p - a potion of flight
 w - a potion of might
 z - 3 potions of ambrosia
 C - a potion of lignification {unknown}
Miscellaneous
 N - a lamp of fire
Comestibles
 b - 10 bread rations
 k - 3 meat rations


   Skills:
 + Level 9.7 Fighting
 - Level 2.4 Dodging
 - Level 1.1 Stealth
 + Level 9.0 Shields
 * Level 15.4 Unarmed Combat


You had 11 spell levels left.
You didn't know any spells.

Dungeon Overview and Level Annotations

Branches:
Dungeon (8/15)             Temple (1/1) D:7            Lair (7/8) D:8
  Slime (3/6) Lair:6
  Swamp: Lair:3-6    Shoals: Lair:3-6     Snake: Lair:3-6    Spider: Lair:3-6

Altars:
Ashenzari
Cheibriados
Dithmenos
Elyvilon
Fedhas
Gozag
Kikubaaqudgha
Makhleb
Nemelex Xobeh
Okawaru
Qazlal
Ru
Sif Muna
Trog
Vehumet
Xom
Yredelemnul
Zin
The Shining One


Innate Abilities, Weirdness & Mutations

You are too large for most types of armour.
You have claws for hands.
Your metabolism is lightning-fast.
You like to eat raw meat.
You heal very quickly.
You are covered in fur (AC +1).
You have very tough skin (AC +2).


Message History

* * * LOW HITPOINT WARNING * * *
The azure jelly freezes you!!
* * * LOW HITPOINT WARNING * * *
The azure jelly hits you.
* * * LOW HITPOINT WARNING * * *
The azure jelly misses you.
You are too injured to fight recklessly!
Drink which item? (? for menu, Esc to quit)
You feel much better.
The azure jelly hits you but does no damage.
You block the azure jelly's attack. The azure jelly hits you!
* * * LOW HITPOINT WARNING * * *
The azure jelly hits you.
* * * LOW HITPOINT WARNING * * *
The slime creature barely misses you.
You scratch the azure jelly. The azure jelly barely misses you.
The azure jelly hits you!
* * * LOW HITPOINT WARNING * * *
The azure jelly freezes you!!
You die...

..... ### ###.# ......
##.##.....##....## ......####
##...........#....
#.....#.###.#.....#........##
#...............##..........
#..........#.........#......
#............................
##.#.#.....J.................
##....#...JT.........<......
##.........................
..#.............>..........
............................
##..........<............#..
...........................
#.#...##...#...............
...# ##.##...#........#.# #..
#####.####.......##


You could see an azure jelly and a slime creature.

Vanquished Creatures
  An acid blob (Slime:1)
  Gastronok (D:8)
  An azure jelly (Slime:1)
  A death ooze (Slime:1)
  A minotaur (Lab)
  3 hydras
  A griffon (Lair:6)
  An elephant (Lair:6)
  5 black mambas
  A torpor snail (Lair:6)
  4 spiny frogs
  A fire drake (Lair:5)
  2 komodo dragons
  Grinder (D:5)
  17 slime creatures
  Sigmund (D:5)
  11 yaks
  A wyvern (D:6)
  4 hippogriffs
  Eustachio (D:5)
  A hungry ghost (D:8)
  Edmund (D:6)
  3 water moccasins
  Duvessa (D:5)
  3 sky beasts
  3 porcupines
  5 ogres
  A phantom (D:4)
  2 orc warriors (D:8)
  9 crocodiles
  Blork the orc (D:5)
  Dowan (D:5)
  7 giant frogs
  3 wights (D:8)
  2 scorpions
  A giant frog zombie (D:7)
  5 jellies
  5 orc priests
  3 crimson imps
  Crazy Yiuf (D:4)
  A centaur skeleton (D:6)
  3 iguanas
  5 worker ants
  Natasha (thrice) (D:4 D:5)
  6 orc wizards
  6 hell rats
  2 hound zombies
  A hound skeleton (D:4)
  Robin (D:2)
  3 gnolls (D:4)
  31 river rats
  6 adders
  A shadow imp (D:5)
  An adder zombie (D:5)
  3 oozes
  An adder skeleton (D:6)
  4 worms
  7 giant geckos
  29 orcs
  A ball python (D:2)
  20 goblins
  15 hobgoblins
  18 jackals
  3 quokkas
  9 bats
  6 giant cockroaches
  A giant cockroach zombie (D:6)
  7 giant newts
  2 kobolds
  A quokka skeleton (D:4)
  8 rats
  A fungus (Lair:6)
  A plant (D:1)
324 creatures vanquished.

Vanquished Creatures (collateral kills)
  Rupert (Lair:4)
1 creature vanquished.

Vanquished Creatures (others)
  A water moccasin (Lair:6)
  2 bushes (Lair:6)
  9 fungi
  7 plants
19 creatures vanquished.

Grand Total: 344 creatures vanquished

Notes
Turn   | Place    | Note
--------------------------------------------------------------
     0 | D:1      | DeXoteric the Troll Monk began the quest for the Orb.
     0 | D:1      | Reached XP level 1. HP: 22/22 MP: 0/0
   203 | D:1      | Reached XP level 2. HP: 29/29 MP: 1/1
   442 | D:1      | Reached XP level 3. HP: 29/36 MP: 2/2
   847 | D:2      | Found an opulent altar of Gozag.
  1159 | D:2      | Reached skill level 5 in Unarmed Combat
  1278 | D:2      | Noticed Robin
  1324 | D:2      | Reached XP level 4. HP: 45/45 MP: 3/3
  1365 | D:2      | Killed Robin
  2078 | D:3      | Reached XP level 5. HP: 53/53 MP: 4/4
  2799 | D:3      | Reached skill level 6 in Unarmed Combat
  3155 | D:4      | Noticed Natasha
  3159 | D:4      | Killed Natasha
  3166 | D:4      | Reached XP level 6. HP: 62/62 MP: 5/5
  3203 | D:4      | Noticed a phantom
  3422 | D:4      | Killed a phantom
  3422 | D:4      | Reached skill level 1 in Shields
  3440 | D:4      | Noticed Natasha
  3447 | D:4      | Killed Natasha
  3545 | D:4      | Reached skill level 7 in Unarmed Combat
  3545 | D:4      | Reached XP level 7. HP: 59/70 MP: 6/6
  3686 | D:4      | Noticed Crazy Yiuf
  3690 | D:4      | Killed Crazy Yiuf
  3907 | D:5      | Entered Level 5 of the Dungeon
  4094 | D:5      | Noticed Grinder
  4094 | D:5      | Paralysed by Grinder for 7 turns
  4113 | D:5      | Noticed Natasha
  4124 | D:5      | Killed Grinder
  4127 | D:5      | Killed Natasha
  4132 | D:5      | Found a shattered altar of Ashenzari.
  4202 | D:5      | Noticed Duvessa
  4205 | D:5      | Noticed Dowan
  4211 | D:5      | Reached skill level 8 in Unarmed Combat
  4219 | D:5      | Reached XP level 8. HP: 64/79 MP: 7/7
  4225 | D:5      | Killed Duvessa
  4230 | D:5      | Noticed Eustachio
  4234 | D:5      | Killed Dowan
  4234 | D:5      | Reached skill level 5 in Fighting
  4243 | D:5      | Killed Eustachio
  4266 | D:5      | Noticed Sigmund
  4269 | D:5      | Noticed Blork the orc
  4283 | D:5      | Killed Sigmund
  4406 | D:5      | Killed Blork the orc
  4406 | D:5      | Reached skill level 9 in Unarmed Combat
  4428 | D:5      | Found a blossoming altar of Fedhas.
  4487 | D:5      | Found a burning altar of Makhleb.
  4494 | D:5      | Got a silken robe
  4505 | D:5      | Identified the +2 robe of Beogh's Favour {+Fly rC- Int+3} (You found it on level 5 of the Dungeon)
  4627 | D:5      | Got a warped long sword
  4628 | D:5      | Identified the +4 long sword of Insufficient Pleasure {slice, Str+3 Dex-4 SInv} (You found it on level 5 of the Dungeon)
  4874 | D:6      | Noticed Edmund
  4892 | D:6      | Killed Edmund
  4892 | D:6      | Reached XP level 9. HP: 88/88 MP: 8/8
  5598 | D:7      | Reached skill level 10 in Unarmed Combat
  6043 | D:7      | Found a staircase to the Ecumenical Temple.
  6283 | D:8      | Reached skill level 5 in Shields
  6359 | D:8      | Found a staircase to the Lair.
  6397 | Temple   | Entered the Ecumenical Temple
  7073 | D:8      | Noticed Gastronok
  7088 | D:8      | Killed Gastronok
  7088 | D:8      | Reached skill level 11 in Unarmed Combat
  7088 | D:8      | Reached XP level 10. HP: 100/102 MP: 9/9
  7408 | Lair:1   | Entered Level 1 of the Lair of Beasts
  7436 | Lair:3   | Noticed a five-headed hydra
  7578 | Lair:3   | Found a labyrinth entrance.
  7585 | Lair:3   | Reached skill level 12 in Unarmed Combat
  7591 | Lab      | Entered a labyrinth
  8036 | Lab      | Noticed a minotaur
  8046 | Lab      | Killed a minotaur
  8102 | Lair:3   | Killed a five-headed hydra
  8174 | Lair:4   | Noticed Rupert
  8203 | Lair:4   | Reached XP level 11. HP: 21/110 MP: 10/10
  8208 | Lair:4   | Killed Rupert
  8208 | Lair:4   | Reached skill level 13 in Unarmed Combat
  8717 | Lair:5   | Noticed a five-headed hydra
  8724 | Lair:5   | Killed a five-headed hydra
 10068 | Lair:6   | Reached skill level 14 in Unarmed Combat
 10092 | Lair:6   | You fall through a shaft!
 10244 | Lair:6   | Noticed a six-headed hydra
 10256 | Lair:6   | Reached XP level 12. HP: 118/122 MP: 11/11
 10361 | Lair:6   | Killed a six-headed hydra
 10429 | Lair:6   | Noticed a five-headed hydra
 10433 | Lair:6   | Noticed a five-headed hydra
 11342 | Lair:6   | Found a staircase to the Slime Pits.
 11526 | Slime:1  | Entered Level 1 of the Pits of Slime
 11526 | Slime:1  | Noticed an acid blob
 11535 | Slime:1  | Killed an acid blob
 11724 | Slime:2  | Noticed an acid blob
 11752 | Slime:2  | Noticed an azure jelly
 11932 | Slime:1  | Killed an azure jelly
 11932 | Slime:1  | Reached skill level 15 in Unarmed Combat
 11938 | Slime:1  | HP: 5/124 [slime creature (5)]
 12265 | Slime:2  | Noticed a death ooze
 12732 | Slime:1  | Killed a death ooze
 12986 | Slime:3  | Noticed an azure jelly
 13096 | Slime:2  | Noticed an azure jelly
 13109 | Slime:2  | Mangled by an azure jelly

Action                   |  1- 3 |  4- 6 |  7- 9 | 10-12 || total
-------------------------+-------+-------+-------+-------++-------
Melee: Unarmed           |   140 |   250 |   305 |   488 ||  1183
Evoke: Wand              |       |       |       |    33 ||    33
       Lamp of fire      |       |       |       |     1 ||     1
  Use: Scroll            |       |       |    19 |    10 ||    29
       Potion            |       |       |       |    10 ||    10
 Stab: Sleeping          |     1 |     1 |     1 |     1 ||     4
       Distracted        |       |     1 |       |       ||     1
  Eat: Chunk             |    17 |    21 |    28 |    40 ||   106
       Beef jerky        |       |       |       |     6 ||     6
       Royal jelly       |       |       |       |     1 ||     1
